 Dungeon Crawl Stone Soup version 0.31.0-32-g396128a36d (webtiles) character file.

Game seed: 17503226960579079828

163 jagang the Slasher (level 5, -1/42 HPs)
             Began as a Human Monk on Mar 12, 2024.
             Slain by a sleepcap (7 damage)
             ... on level 4 of the Dungeon.
             The game lasted 00:04:47 (2198 turns).

jagang the Slasher (Human Monk)                     Turns: 2198, Time: 00:04:48

Health: -1/42      AC:  7    Str: 12    XL:     5   Next: 44%
Magic:  5/5        EV: 11    Int: 10    God:
Gold:   208        SH:  0    Dex: 17    Spells: 4/4 levels left

rFire   . . .        a - +0 falchion
rCold   + . .        d - orb {light}
rNeg    . . .        e - +0 ring mail
rPois   .            (no helmet)
rElec   .            (no cloak)
rCorr   +            u - +0 pair of gloves
SInv    .            h - +0 pair of boots
Will    .....        (no amulet) Stlth
                     l - ring of resist corrosion
HPRegen 0.27/turn    w - ring of protection from cold
MPRegen 0.09/turn

%: no passive effects
@: confused, ambrosia-drunk, glowing
A: explore regen
a: no special abilities


You were on level 4 of the Dungeon.
You visited 1 branch of the dungeon, and saw 4 of its levels.

You collected 208 gold pieces.

Inventory:

Hand Weapons
 a - a +0 falchion (weapon)
 A - a +0 orcbow
Missiles
 n - 5 poisoned darts (quivered)
Armour
 d - an orb of light (worn)
 e - a +0 ring mail (worn)
 h - a +0 pair of boots (worn)
 u - a +0 pair of gloves (worn)
Jewellery
 l - a ring of resist corrosion (left hand)
 m - a ring of flight
 r - a ring of magical power
 w - a ring of protection from cold (right hand)
Scrolls
 i - a scroll of revelation {unknown}
 j - a scroll of noise {unknown}
 o - a scroll of poison {unknown}
 t - 2 scrolls of identify {unknown}
 v - a scroll of amnesia {unknown}
 x - a scroll of butterflies {unknown}
 y - a scroll of enchant armour {unknown}
 z - a scroll of blinking {unknown}
Potions
 b - 2 potions of mutation {unknown}
 f - a potion of brilliance {unknown}
 g - 4 potions of curing {unknown}
 k - a potion of heal wounds {unknown}
 p - a potion of lignification {unknown}
 q - a potion of might {unknown}
 s - a potion of invisibility {unknown}


   Skills:
 + Level 3.9 Fighting
 * Level 4.7 Long Blades
 + Level 2.2 Armour
 - Level 3.0 Dodging


You had 4 spell levels left.
You didn't know any spells.
Your spell library contained the following spells:

 Spells                   Type           Power      Damage    Failure   Level
 Apportation              Tloc           0%         N/A       63%         1
 Jinxbite                 Hex            0%         N/A       77%         2
 Alistair's Intoxication  Alch           0%         N/A       100%        5


Dungeon Overview and Level Annotations

Branches:
Dungeon (4/15)
 Temple: D:4-7

Altars:
Xom


Innate Abilities, Weirdness & Mutations

You regain HP and MP as you explore.


Message History

The sleepcap is moderately damaged.
The ribbon worm bites you but does no damage.
The sleepcap releases spores at you.
You hit the sleepcap but do no damage.
The sleepcap is moderately damaged.
The ribbon worm expels a string of sticky webbing.
The stream of webbing misses you. The sleepcap closely misses you.
You hit the sleepcap.
The sleepcap is heavily damaged.
The ribbon worm closely misses you. The sleepcap barely misses you.
You hit the sleepcap but do no damage.
The sleepcap is heavily damaged.
The sleepcap completely misses you. The ribbon worm bites you.
You hit the sleepcap.
The sleepcap is heavily damaged.
The sleepcap releases spores at you.
You are engulfed in a cloud of soporific spores!
You fall asleep.
The ribbon worm expels a string of sticky webbing.
The stream of webbing hits you but does no damage.
You are caught in a web!
The sleepcap releases spores at you but does no damage.
The ribbon worm bites you!
You wake up.
The sleepcap releases spores at you.
Unknown command.
The web tears apart.
The ribbon worm bites you!
* * * LOW HITPOINT WARNING * * *
The sleepcap releases spores at you.
* * * LOW HITPOINT WARNING * * *
You hit the sleepcap.
The sleepcap is severely damaged.
The sleepcap releases spores at you but does no damage.
The ribbon worm barely misses you.
You hit the sleepcap.
The sleepcap is severely damaged.
The sleepcap releases spores at you.
* * * LOW HITPOINT WARNING * * *
The ribbon worm bites you but does no damage.
You are confused.
You feel invigorated. The sleepcap releases spores at you!
You die...

###...#
....>###
#...... .
.###.....####.#
..........$...#
#...)...#
#.(.<..#
######.....##
......w@..##
.......f###
........#
#######.# #.#
#.# #.# ..#


You could see a sleepcap and a ribbon worm.

Vanquished Creatures
  A hound (D:3)
  5 adders
  2 dart slugs
  4 ribbon worms
  6 orcs (D:3)
  7 bats
  4 endoplasms
  2 giant cockroaches
  6 goblins
  7 hobgoblins
  3 jackals
  4 quokkas (D:2)
  4 ball pythons
  3 frilled lizards
  5 kobolds
  7 rats
70 creatures vanquished.

Notes
Turn   | Place    | Note
-------+----------+-------------------------------------------
     0 | D:1      | jagang the Human Monk began the quest for the Orb.
     0 | D:1      | Reached XP level 1. HP: 18/18 MP: 1/1
   211 | D:1      | Reached XP level 2. HP: 24/24 MP: 2/2
   567 | D:1      | Reached skill level 1 in Armour
   772 | D:1      | Found a faded altar of an unknown god.
   823 | D:2      | Reached XP level 3. HP: 24/29 MP: 3/3
  1049 | D:2      | Reached skill level 4 in Long Blades
  1049 | D:2      | Reached XP level 4. HP: 20/35 MP: 4/4
  1667 | D:3      | Found a shimmering altar of Xom.
  1781 | D:3      | Reached XP level 5. HP: 42/42 MP: 5/5
  2197 | D:4      | HP: 1/42 [sleepcap (4)]
  2198 | D:4      | Slain by a sleepcap

Illustrated notes

Levels and vault maps discovered:
D:1:      lightli_arrival_boilingwater, layout_basic,
          shapermc_ecumenical_altar_petra
D:2:      minmay_chambers_of_twos, layout_rooms, palyth_stone_intersect,
          kennysheep_generic_room_13
D:3:      layout_rooms, regret_index_xom_buried_treasure,
          nicolae_figureground_pulse
D:4:      layout_loops_ring, ebering_dispersal_statue_hall

Skill      XL: |  1  2  3  4 |
---------------+-------------+-----
Armour         | 1 2 |  2.2
Long Blades    | 4 |  4.7
Fighting       | |  3.9
Dodging        | |  3.0

Action                     |  1- 3 |  4- 6 || total
---------------------------+-------+-------++-------
  Melee: Falchion          |    81 |   116 ||   197
    Use: Potion            |       |     1 ||     1
 Armour: Ring mail         |    48 |    80 ||   128
         Robe              |     1 |       ||     1
  Dodge: Dodged            |    43 |    60 ||   103
